PBL
NIAGARA FALLS PHANTOMS @ HAMILTON CARDINALS
06/13/2047
 
TOP OF THE 1ST
Niagara Falls Phantoms batting - Pitching for Hamilton Cardinals : RHP Ryan Zart
Pitching: RHP Ryan Zart
Batting: LHB Luis Ponce 0-0: Ball
1-0: Called Strike
1-1: Ball
2-1: Fly out, F7 (Line Drive, 7LD, EV 107.5 MPH)
Batting: LHB Danny de Leon 0-0: Ball
1-0: Ball
2-0: DOUBLE (Groundball, 3L, EV 102.5 MPH)
Batting: RHB Paul Ngumi 0-0: Ball
1-0: Fly out, F9 (Flyball, 9S, EV 89.4 MPH)
Batting: RHB Ken Stair 0-0: Ball
1-0: Ball
2-0: Foul Ball, location: 2F
2-1: SINGLE (Line Drive, 34D, EV 97.5 MPH)
Danny de Leon to third
Batting: LHB Chris Viehman 0-0: Ball
1-0: Foul Ball, location: 2F
1-1: Ball
2-1: Called Strike
2-2: Fly out, F7 (Flyball, 7S, EV 80.6 MPH)
Top of the 1st over - 0 runs, 2 hits, 0 errors, 2 left on base; Niagara Falls 0 - Hamilton 0
BOTTOM OF THE 1ST
Hamilton Cardinals batting - Pitching for Niagara Falls Phantoms : LHP Brendan Thompson
Pitching: LHP Brendan Thompson
Batting: RHB Chris Rouleau 0-0: Ground out 5-3 (Groundball, 56S, EV 86.2 MPH)
Batting: RHB Jonathan Winkler 0-0: Ball
1-0: Called Strike
1-1: Ball
2-1: Ball
3-1: Base on Balls
Batting: SHB Bobby Mercado 0-0: Called Strike
0-1: Ball
1-1: Called Strike
1-2: Fly out, F9 (Flyball, 89S, EV 86.2 MPH)
Batting: RHB Shou-feng Chang 0-0: Ball
1-0: Called Strike
1-1: Ball
Jonathan Winkler steals 2nd base
2-1: Fly out, F9 (Flyball, 9LS, EV 85.6 MPH)
Bottom of the 1st over - 0 runs, 0 hits, 0 errors, 1 left on base; Niagara Falls 0 - Hamilton 0
TOP OF THE 2ND
Niagara Falls Phantoms batting - Pitching for Hamilton Cardinals : RHP Ryan Zart
Batting: LHB Dave Ortiz 0-0: Ball
1-0: Ball
2-0: SINGLE (Line Drive, 4D, EV 107.5 MPH)
Batting: RHB Tchaa Kombate 0-0: Foul Ball, location: 2F
0-1: Called Strike
0-2: Ball
1-2: Strikes out swinging
Batting: RHB Arturo Gomez 0-0: Ball
1-0: SINGLE (Line Drive, 6D, EV 96.9 MPH)
Dave Ortiz to second
Batting: SHB Hui Li 0-0: Ball
1-0: Called Strike
1-1: Foul Ball, location: 2F
1-2: Strikes out swinging
Batting: LHB Luis Ponce 0-0: Called Strike
0-1: Foul Ball, location: 2F
0-2: Ball
1-2: Strikes out swinging
Top of the 2nd over - 0 runs, 2 hits, 0 errors, 2 left on base; Niagara Falls 0 - Hamilton 0
BOTTOM OF THE 2ND
Hamilton Cardinals batting - Pitching for Niagara Falls Phantoms : LHP Brendan Thompson
Batting: LHB Rafael Banda 0-0: Called Strike
0-1: Foul Ball, location: 2F
0-2: Ball
1-2: Strikes out swinging
Batting: RHB Juan Carrillo 0-0: Swinging Strike
0-1: Ball
1-1: Fly out, F5 (Line Drive, 5, EV 70.0 MPH)
Batting: SHB J.T. Ready 0-0: Called Strike
0-1: Ball
1-1: Foul Ball, location: 2F
1-2: SOLO HOME RUN (Flyball, 9D, EV 96.9 MPH), Distance : 393 ft
Batting: RHB Pablo Nunez 0-0: Called Strike
0-1: Ball
1-1: Swinging Strike
1-2: Ground out 5-3 (Groundball, 5, EV 91.2 MPH)
Bottom of the 2nd over - 1 run, 1 hit, 0 errors, 0 left on base; Niagara Falls 0 - Hamilton 1
TOP OF THE 3RD
Niagara Falls Phantoms batting - Pitching for Hamilton Cardinals : RHP Ryan Zart
Batting: LHB Danny de Leon 0-0: Fly out, F4 (Popup, 4D, EV 51.2 MPH)
Batting: RHB Paul Ngumi 0-0: Foul Ball, location: 2F
0-1: Ground out 4-3 (Groundball, 4M, EV 91.9 MPH)
Batting: RHB Ken Stair 0-0: Called Strike
0-1: Swinging Strike
0-2: Ball
1-2: Ground out 5-3 (Groundball, 5, EV 98.1 MPH)
Top of the 3rd over - 0 runs, 0 hits, 0 errors, 0 left on base; Niagara Falls 0 - Hamilton 1
BOTTOM OF THE 3RD
Hamilton Cardinals batting - Pitching for Niagara Falls Phantoms : LHP Brendan Thompson
Batting: SHB Brad Meyer 0-0: Called Strike
0-1: Called Strike
0-2: Ball
1-2: Ball
2-2: Foul Ball, location: 2F
2-2: Foul Ball, location: 2F
2-2: Strikes out swinging
Batting: RHB Chris Rouleau 0-0: Foul Ball, location: 2F
0-1: Ball
1-1: Ball
2-1: SINGLE (Groundball, 6D, EV 103.8 MPH)
Batting: RHB Jonathan Winkler 0-0: Ball
1-0: Ball
2-0: Called Strike
2-1: Called Strike
2-2: Ball
3-2: Strikes out swinging
Chris Rouleau is caught stealing 2nd base 2-4
Batter strikes out.
Bottom of the 3rd over - 0 runs, 1 hit, 0 errors, 0 left on base; Niagara Falls 0 - Hamilton 1
TOP OF THE 4TH
Niagara Falls Phantoms batting - Pitching for Hamilton Cardinals : RHP Ryan Zart
Batting: LHB Chris Viehman 0-0: Called Strike
0-1: Swinging Strike
0-2: Ground out U3 (Groundball, 3, EV 84.4 MPH)
Batting: LHB Dave Ortiz 0-0: Fly out, F8 (Flyball, 8RD, EV 98.8 MPH)
Batting: RHB Tchaa Kombate 0-0: Ground out 6-3 (Groundball, 6, EV 85.0 MPH)
Top of the 4th over - 0 runs, 0 hits, 0 errors, 0 left on base; Niagara Falls 0 - Hamilton 1
BOTTOM OF THE 4TH
Hamilton Cardinals batting - Pitching for Niagara Falls Phantoms : LHP Brendan Thompson
Batting: SHB Bobby Mercado 0-0: Foul Ball, location: 2F
0-1: Called Strike
0-2: Ball
1-2: SINGLE (Line Drive, 7S, EV 110.0 MPH)
Batting: RHB Shou-feng Chang 0-0: Swinging Strike
0-1: Fly out, F9 (Flyball, 89M, EV 91.2 MPH)
Batting: LHB Rafael Banda 0-0: Called Strike
0-1: Ball
1-1: Foul Ball, location: 2F
1-2: Foul Ball, location: 2F
1-2: Foul Ball, location: 2F
1-2: Strikes out swinging
Batting: RHB Juan Carrillo 0-0: Ball
1-0: Ball
2-0: Swinging Strike
2-1: Ball
3-1: Base on Balls
Bobby Mercado to second
Batting: SHB J.T. Ready 0-0: DOUBLE (Line Drive, 9LD, EV 97.5 MPH)
Bobby Mercado scores
Juan Carrillo to third
Runner from 3rd tries for Home, SAFE, throw by RF to trailing runner, SAFE at third!
Batting: RHB Pablo Nunez 0-0: Called Strike
0-1: Ball
1-1: Ball
2-1: Ground out 5-3 (Groundball, 5S, EV 88.1 MPH)
Bottom of the 4th over - 2 runs, 2 hits, 0 errors, 1 left on base; Niagara Falls 0 - Hamilton 3
TOP OF THE 5TH
Niagara Falls Phantoms batting - Pitching for Hamilton Cardinals : RHP Ryan Zart
Batting: RHB Arturo Gomez 0-0: Ground out 4-3 (Groundball, 4S, EV 85.0 MPH)
Batting: SHB Hui Li 0-0: Called Strike
0-1: Ball
1-1: Swinging Strike
1-2: Ball
2-2: Ball
3-2: Strikes out swinging
Batting: LHB Luis Ponce 0-0: Called Strike
0-1: Ground out 6-3 (Groundball, 6MD, EV 85.6 MPH)
Top of the 5th over - 0 runs, 0 hits, 0 errors, 0 left on base; Niagara Falls 0 - Hamilton 3
BOTTOM OF THE 5TH
Hamilton Cardinals batting - Pitching for Niagara Falls Phantoms : LHP Brendan Thompson
Batting: SHB Brad Meyer 0-0: DOUBLE (Line Drive, 8RXD, EV 106.2 MPH)
Batting: RHB Chris Rouleau 0-0: Ball
1-0: Called Strike
1-1: Ball
2-1: Fly out, F8 (Flyball, 8LD, EV 84.4 MPH)
Batting: RHB Jonathan Winkler 0-0: SINGLE (Line Drive, 9S, EV 104.4 MPH)
Brad Meyer to third
Batting: SHB Bobby Mercado 0-0: Called Strike
0-1: Ball
1-1: Ball
2-1: Swinging Strike
2-2: Foul Ball, location: 2F
2-2: Foul Ball, location: 2F
2-2: Ball
3-2: Foul Ball, location: 2F
3-2: Foul Ball, location: 2F
3-2: Fielders Choice at 2nd, 5-4 (Groundball, 56, EV 100.0 MPH)
Brad Meyer scores
Batting: RHB Shou-feng Chang 0-0: Ball
Bobby Mercado steals 2nd base
1-0: Foul Ball, location: 2F
1-1: Called Strike
1-2: SINGLE (Groundball, 5S, EV 68.1 MPH) (infield hit)
Bobby Mercado to third
Batting: LHB Rafael Banda 0-0: Ball
1-0: Swinging Strike
1-1: Foul Ball, location: 2F
1-2: Ball
2-2: Foul Ball, location: 2F
2-2: Ball
3-2: 3-RUN HOME RUN (Line Drive, 7LD, EV 95.0 MPH), Distance : 337 ft
Pitching: LHP Jordan Medina
Batting: RHB Juan Carrillo 0-0: Called Strike
0-1: Called Strike
0-2: Fly out, F9 (Flyball, 9LD, EV 102.5 MPH)
Bottom of the 5th over - 4 runs, 4 hits, 0 errors, 0 left on base; Niagara Falls 0 - Hamilton 7
TOP OF THE 6TH
Niagara Falls Phantoms batting - Pitching for Hamilton Cardinals : RHP Ryan Zart
Batting: LHB Danny de Leon 0-0: Called Strike
0-1: Ball
1-1: Fly out, F8 (Flyball, 8RD, EV 90.0 MPH)
Batting: RHB Paul Ngumi 0-0: Ball
1-0: Foul Ball, location: 2F
1-1: Ball
2-1: SINGLE (Groundball, 15S, EV 68.8 MPH) (infield hit)
Batting: RHB Ken Stair 0-0: Called Strike
0-1: Fly out, F3 (Popup, 34, EV 72.5 MPH)
Batting: LHB Chris Viehman 0-0: Called Strike
0-1: Swinging Strike
0-2: Ball
1-2: Foul Ball, location: 2F
1-2: Strikes out looking
Top of the 6th over - 0 runs, 1 hit, 0 errors, 1 left on base; Niagara Falls 0 - Hamilton 7
BOTTOM OF THE 6TH
Hamilton Cardinals batting - Pitching for Niagara Falls Phantoms : LHP Jordan Medina
Batting: SHB J.T. Ready 0-0: Called Strike
0-1: Ball
1-1: Ball
2-1: Foul Ball, location: 2F
2-2: Reached on error, E6 (Groundball, 4M, EV 83.1 MPH)
Batting: RHB Pablo Nunez 0-0: Ball
1-0: Fly out, F9 (Line Drive, 9, EV 94.4 MPH)
Batting: SHB Brad Meyer 0-0: Fly out, F8 (Flyball, 8RM, EV 96.2 MPH)
Batting: RHB Chris Rouleau 0-0: Foul Ball, location: 2F
0-1: Ball
1-1: Foul Ball, location: 2F
1-2: Ball
2-2: Ball
3-2: SINGLE (Groundball, 56S, EV 70.6 MPH) (infield hit)
J.T. Ready to second
Batting: RHB Jonathan Winkler 0-0: Foul Ball, location: 2F
0-1: Ball
1-1: Ball
2-1: Ball
3-1: SINGLE (Line Drive, 89M, EV 101.9 MPH)
J.T. Ready to third
Chris Rouleau to second
Batting: SHB Bobby Mercado 0-0: Ball
1-0: Called Strike
1-1: Swinging Strike
1-2: Ball
2-2: Strikes out looking
Bottom of the 6th over - 0 runs, 2 hits, 1 error, 3 left on base; Niagara Falls 0 - Hamilton 7
TOP OF THE 7TH
Niagara Falls Phantoms batting - Pitching for Hamilton Cardinals : RHP Ryan Zart
Batting: LHB Dave Ortiz 0-0: Ground out 4-3 (Groundball, 4, EV 81.2 MPH)
Batting: RHB Tchaa Kombate 0-0: Foul Ball, location: 2F
0-1: Fly out, F8 (Line Drive, 78M, EV 90.6 MPH)
Batting: RHB Arturo Gomez 0-0: Called Strike
0-1: Ball
1-1: Foul Ball, location: 2F
1-2: Ball
2-2: Ball
3-2: Base on Balls
Batting: SHB Hui Li 0-0: Ball
Arturo Gomez steals 2nd base (no throw)
1-0: Ball
2-0: Called Strike
2-1: Ball
3-1: Base on Balls
Pitching: RHP Tahir Montazeri
Batting: LHB Luis Ponce 0-0: Called Strike
0-1: Foul Ball, location: 2F
0-2: Strikes out swinging
Top of the 7th over - 0 runs, 0 hits, 0 errors, 2 left on base; Niagara Falls 0 - Hamilton 7
BOTTOM OF THE 7TH
Hamilton Cardinals batting - Pitching for Niagara Falls Phantoms : LHP Jordan Medina
Pinch Hitting: RHB Seung-kab Park 0-0: Ball
1-0: Ground out 2-3 (Groundball, 13S, EV 70.0 MPH)
Pinch Hitting: RHB Diego Herrera 0-0: Ball
1-0: Swinging Strike
1-1: Foul Ball, location: 2F
1-2: Ball
2-2: Strikes out swinging, 2-3 out at first.
Pinch Hitting: RHB Scott Webb 0-0: Ball
1-0: Ball
2-0: Foul Ball, location: 2F
2-1: Ground out 6-3 (Groundball, 6, EV 95.0 MPH)
Bottom of the 7th over - 0 runs, 0 hits, 0 errors, 0 left on base; Niagara Falls 0 - Hamilton 7
TOP OF THE 8TH
Niagara Falls Phantoms batting - Pitching for Hamilton Cardinals : RHP Tahir Montazeri
Now at 3B: Seung-kab Park
Now at SS: Scott Webb
Now in RF: Diego Herrera
Batting: LHB Danny de Leon 0-0: Ball
1-0: DOUBLE (Line Drive, 78D, EV 113.1 MPH)
Pinch Hitting: RHB Jose Villanueva 0-0: Ball
1-0: Ball
2-0: Fly out, F9 (Flyball, 89M, EV 71.9 MPH)
Batting: RHB Ken Stair 0-0: Foul Ball, location: 2F
0-1: Fly out, F7 (Flyball, 78M, EV 88.8 MPH)
Batting: LHB Chris Viehman 0-0: Called Strike
0-1: Ball
1-1: Foul Ball, location: 2F
1-2: Ball
2-2: Strikes out swinging
Top of the 8th over - 0 runs, 1 hit, 0 errors, 1 left on base; Niagara Falls 0 - Hamilton 7
BOTTOM OF THE 8TH
Hamilton Cardinals batting - Pitching for Niagara Falls Phantoms : LHP Jordan Medina
Now at 3B: Jose Villanueva
Pinch Hitting: LHB Willie Marquez 0-0: Foul Ball, location: 2F
0-1: Ball
1-1: Ball
2-1: Foul Ball, location: 2F
2-2: Foul Ball, location: 2F
2-2: Ball
3-2: Foul Ball, location: 2F
3-2: Strikes out swinging
Batting: RHB Pablo Nunez 0-0: Ball
1-0: Foul Ball, location: 2F
1-1: Ball
2-1: Ball
3-1: Foul Ball, location: 2F
3-2: Fly out, F9 (Flyball, 9S, EV 83.8 MPH)
Batting: SHB Brad Meyer 0-0: Ball
1-0: Ball
2-0: Ball
3-0: Called Strike
3-1: Fly out, F5 (Line Drive, 5, EV 65.6 MPH)
Bottom of the 8th over - 0 runs, 0 hits, 0 errors, 0 left on base; Niagara Falls 0 - Hamilton 7
TOP OF THE 9TH
Niagara Falls Phantoms batting - Pitching for Hamilton Cardinals : RHP Tahir Montazeri
Now at 1B: Mike East
Batting: LHB Dave Ortiz 0-0: Foul Ball, location: 2F
0-1: Ball
1-1: Fly out, F5 (Popup, 5SF, EV 72.5 MPH)
Pinch Hitting: LHB Victor Reyna 0-0: Called Strike
0-1: Ball
1-1: Called Strike
1-2: Fly out, F3 (Popup, 3SF, EV 89.4 MPH)
Batting: RHB Arturo Gomez 0-0: Ball
1-0: Hit by Pitch
Batting: SHB Hui Li 0-0: Called Strike
0-1: SINGLE (Flyball, 8LS, EV 94.4 MPH)
Arturo Gomez to second
Batting: LHB Luis Ponce 0-0: Swinging Strike
0-1: Swinging Strike
0-2: Strikes out swinging
Top of the 9th over - 0 runs, 1 hit, 0 errors, 2 left on base; Niagara Falls 0 - Hamilton 7
Thursday, December 15th , 2022 - OOTP Baseball 23.9 Build 102